 Dungeon Crawl Stone Soup version 0.30-a0-121-gb27577e5d9 (webtiles) character file.

Game seed: 5457984366371235034

1554 ragingrage the Cleaver (level 9, -6/67 HPs)
             Began as a Formicid Delver on Sept 14, 2022.
             Mangled by a gnoll bouda
             ... wielding a +0 club
              (8 damage)
             ... on level 6 of the Dungeon.
             The game lasted 00:06:39 (5359 turns).

ragingrage the Cleaver (Formicid Delver)            Turns: 5359, Time: 00:06:40

Health: -6/67      AC:  7    Str: 21    XL:     9   Next: 12%
Magic:  9/9        EV:  6    Int: 16    God:
Gold:   211        SH:  0    Dex: 13    Spells: 8/8 levels left

rFire   . . .      SeeInvis +    i - +0 war axe
rCold   . . .      Faith    .    (no shield)
rNeg    . . .      Spirit   .    p - +0 plate armour
rPois   +          Reflect  .    (helmet unavailable)
rElec   .          Harm     .    m - +0 cloak
rCorr   .          Rampage  .    (no gloves)
Will    .....                    (no boots)
Stlth   ..........               (no amulet)
HPRegen 0.21/turn                h - ring of poison resistance
MPRegen 0.11/turn                a - +6 ring of intelligence

@: weakened, corroded
A: permanent stasis, dig shafts and tunnels, antennae 3, four strong arms, claws
1, clumsy 1, MP-powered wands
a: Dig, Shaft Self


You were on level 6 of the Dungeon.
You visited 1 branch of the dungeon, and saw 6 of its levels.

You collected 211 gold pieces.

Inventory:

Hand Weapons
 i - a +0 war axe (weapon)
 k - a +0 whip of freezing
Missiles
 q - a throwing net
 r - 5 datura-tipped darts
 s - a boomerang
 v - 5 poisoned darts (quivered)
Armour
 g - a +0 chain mail
 m - a +0 cloak (worn)
 p - a +0 plate armour (worn)
Jewellery
 a - a +6 ring of intelligence (right claw)
 h - a ring of poison resistance (left claw)
Wands
 f - a wand of digging (3)
Scrolls
 c - a scroll of fog
 d - 3 scrolls of magic mapping
 e - a scroll of fear
 u - a scroll of identify
Potions
 j - 3 potions of mutation
 l - 3 potions of haste


   Skills:
 - Level 4.9 Fighting
 + Level 9.4 Axes
 - Level 3.4 Dodging
 - Level 7.4 Stealth


You had 8 spell levels left.
You didn't know any spells.
Your spell library contained the following spells:

 Spells                   Type           Power      Damage    Failure   Level
 Cigotuvi's Dreadful Rot  Necr/Pois/Air  0%         N/A       100%        2
 Sublimation of Blood     Necr           0%         N/A       100%        2
 Dispel Undead            Necr           0%         3d6       100%        4
 Petrify                  Tmut/Erth      0%         N/A       100%        4
 Irradiate                Conj/Tmut      0%         3d11      100%        5
 Death Channel            Necr           0%         N/A       100%        6


Dungeon Overview and Level Annotations

Branches:
Dungeon (6/15)
 Temple: D:4-7

Altars:
Cheibriados
The Shining One

Shops:
D:4 ?

Annotations:
D:2 Terence
D:3 1 runed translucent door, exclusion: downstairs, Crazy Yiuf
D:4 exclusion: downstairs
D:5 Sigmund


Innate Abilities, Weirdness & Mutations

You cannot be hasted, slowed, berserked, paralysed or teleported.
You can dig through walls and to a lower floor.
You have a pair of large antennae on your head. (SInv)
Your four strong arms can wield two-handed weapons with a shield.
You have sharp fingernails.
You are clumsy. (Dex -2)
You expend magic power (3 MP) to strengthen your wands.


Message History

The gnoll hits you from afar with a +0 halberd.
* * * LOW HITPOINT WARNING * * *
The gnoll bouda completely misses you.
The gnoll shouts!
You climb downwards.
You feel sick.
There is a stone staircase leading up here.
Unknown command.
You slash the gnoll bouda!
The gnoll bouda is heavily wounded.
You slash the gnoll!
You feel sick. The gnoll bouda barely misses you.
The gnoll hits you with a +0 flail!
* * * LOW HITPOINT WARNING * * *
The gnoll barely misses you.
The gnoll bouda hits you with a +0 club.
* * * LOW HITPOINT WARNING * * *
You feel better.
The gnoll bouda gazes fiercely through you!
You feel as though you will be weak longer.
The gnoll bouda hits you with a +0 club!
* * * LOW HITPOINT WARNING * * *
The gnoll barely misses you.
Unknown command.
You hit the gnoll bouda.
The gnoll bouda is heavily wounded.
You closely miss the gnoll. The gnoll hits you but does no damage.
The gnoll bouda gazes fiercely through you!
You feel as though you will be weak longer.
The gnoll bouda hits you with a +0 club.
* * * LOW HITPOINT WARNING * * *
As you read the scroll labelled YJUELO ZOITUGO, it crumbles to dust.
You hear a loud clanging noise!
It was a scroll of noise.
You hear an angry hiss. x2
Something shouts, "Abandon hope, thou mangled doghearted cross-patch!"
You hear an angry hiss.
The gnoll is no longer moving quickly.
The gnoll bouda gazes fiercely through you!
You feel as though you will be weak longer.
The gnoll bouda hits you with a +0 club!
You die...

#.#
#.#
#.#
#.#
#.#
#.#
#g#
#@#
#g#
#..
....{
.####
.. ##


You could see a gnoll bouda (swift) and a gnoll.

Vanquished Creatures
  Pikel (D:4)
  Grinder (D:3)
  Menkaure (D:5)
  Duvessa (D:5)
  A water moccasin (D:5)
  A lemure (D:4)
  A necrophage (D:5)
  2 scorpions
  Dowan (D:5)
  2 hounds (D:5)
  3 iguanas (D:5)
  5 gnolls
  8 adders
  An ufetubus (D:5)
  2 worms (D:2)
  10 orcs
  8 endoplasms
  2 giant cockroaches
  8 hobgoblins
  3 jackals (D:1)
  3 quokkas
  10 ball pythons
  6 bats
  7 frilled lizards
  6 goblins
  8 kobolds
  7 rats
109 creatures vanquished.

Vanquished Creatures (others)
  A demonic plant (D:1)
1 creature vanquished.

Grand Total: 110 creatures vanquished

Notes
Turn   | Place    | Note
-------+----------+-------------------------------------------
     0 | D:5      | ragingrage the Formicid Delver began the quest for the Orb.
     0 | D:5      | Reached XP level 1. HP: 18/18 MP: 1/1
    21 | D:5      | Noticed an iguana
   291 | D:3      | Reached XP level 2. HP: 24/24 MP: 2/2
   578 | D:2      | Reached XP level 3. HP: 29/29 MP: 3/3
   970 | D:1      | Reached XP level 4. HP: 33/37 MP: 4/4
  1337 | D:1      | Found a faded altar of an unknown god.
  1337 | D:1      | Noticed a blizzard demon
  1703 | D:2      | Noticed Terence
  1922 | D:3      | Found a glowing golden altar of the Shining One.
  1922 | D:3      | Found a snail-covered altar of Cheibriados.
  1967 | D:3      | Noticed Grinder
  1978 | D:3      | You fall into a shaft and drop 1 floor!
  2204 | D:4      | Reached XP level 5. HP: 39/42 MP: 5/5
  2236 | D:4      | Reached skill level 3 in Axes
  2496 | D:4      | Noticed a lemure
  2497 | D:4      | Noticed a lemure
  2497 | D:4      | Noticed a lemure
  2497 | D:4      | Noticed Pikel
  2653 | D:3      | Gained mutation: You are clumsy. (Dex -2) [potion of
                  | mutation]
  2653 | D:3      | Gained mutation: You expend magic power (3 MP) to
                  | strengthen your wands. [potion of mutation]
  2653 | D:3      | Gained mutation: You have sharp fingernails. [potion of
                  | mutation]
  2693 | D:3      | Killed Grinder
  2694 | D:3      | Reached XP level 6. HP: 34/50 MP: 6/6
  2824 | D:3      | Found a runed translucent door.
  2825 | D:3      | Noticed Crazy Yiuf
  3601 | D:4      | Reached XP level 7. HP: 55/55 MP: 7/7
  3614 | D:4      | Found Jousawiu's Magic Scroll Boutique.
  3629 | D:4      | Reached skill level 4 in Axes
  3908 | D:4      | Killed Pikel
  3909 | D:4      | Reached skill level 6 in Axes
  3909 | D:4      | Reached XP level 8. HP: 56/61 MP: 8/8
  4015 | D:5      | Reached skill level 7 in Axes
  4532 | D:5      | Reached skill level 8 in Axes
  4838 | D:5      | Noticed Duvessa
  4839 | D:5      | Noticed Dowan
  4857 | D:5      | Killed Duvessa
  4861 | D:5      | Killed Dowan
  5196 | D:5      | Reached XP level 9. HP: 59/67 MP: 9/9
  5302 | D:5      | Noticed Menkaure
  5303 | D:5      | Reached skill level 9 in Axes
  5315 | D:5      | Killed Menkaure
  5338 | D:5      | Noticed Sigmund
  5356 | D:6      | HP: 2/67 [gnoll bouda/+0 club (4)]
  5359 | D:6      | Mangled by a gnoll bouda

Illustrated notes

Levels and vault maps discovered:
D:1:      lemuel_arrival_cross, layout_rooms,
          dreamdust_ecumenical_altar_sealed_demon, st_stairs_6,
          ebering_dispersal_statue_hall, interstate_on_off, moated_statue
D:2:      layout_basic, uniq_terence
D:3:      corexii_shack_village, layout_loops_ring,
          mainiacjoe_overflow_large_starburst, st_stairs_4, grunt_ministairs_10,
          uniq_grinder, uniq_crazy_yiuf_cottage
D:4:      layout_rooms, serial_shops,
          nicolae_shop_temple_entry_statues_fountains, uniq_pikel
D:5:      layout_cave_pools, uniq_sigmund, uniq_menkaure, uniq_duvessa
D:6:      layout_loops_ring, minmay_temple_entry_fiery, minmay_manual_macuahuitl

Skill      XL: |  1  2  3  4  5  6  7  8  9 |
---------------+----------------------------+-----
Dodging        | 2 3 |  3.4
Fighting       | 4 |  4.9
Axes           | 3 6 8 9 |  9.4
Stealth        | 7 |  7.4

Action                   |  1- 3 |  4- 6 |  7- 9 || total
-------------------------+-------+-------+-------++-------
Melee: Hand axe          |    38 |       |       ||    38
       Punch             |     3 |     1 |     1 ||     5
       War axe           |    23 |   177 |   180 ||   380
Throw: Dart              |       |       |     4 ||     4
 Abil: Shaft Self        |       |     1 |       ||     1
       Dig               |       |       |     1 ||     1
  Use: Potion            |       |     4 |     4 ||     8
       Scroll            |       |     1 |     2 ||     3
 Stab: Sleeping          |     2 |       |       ||     2
Armor: Leather armour    |     7 |       |       ||     7
       Chain mail        |    27 |    98 |       ||   125
       Plate armour      |       |    19 |   103 ||   122
       Skin              |       |       |    10 ||    10
Dodge: Dodged            |    21 |    74 |    77 ||   172

Table legend: (Time is in decaauts)
 A = Elapsed time spent in this place.
 B = Non-inter-level travel time spent in this place.
 C = Inter-level travel time spent in this place.
 D = Time resting spent in this place.
 E = Time spent auto-exploring this place.
 F = Levels seen in this place.
 G = Mean time per level.
                   A        B        C        D        E       F      G
               +--------+--------+--------+--------+--------+-----+--------+
         Total |   5465 |   5341 |    124 |   1605 |   2465 |   6 |  910.8 |
       Dungeon |   5465 |   5341 |    124 |   1605 |   2465 |   6 |  910.8 |
               +--------+--------+--------+--------+--------+-----+--------+

Top non-repeatable levels by time:
     D:4: 1456 daAuts
     D:3: 1400 daAuts
     D:5: 1276 daAuts
     D:1: 724 daAuts
     D:2: 604 daAuts
     D:6: 3 daAuts
